 Dungeon Crawl Stone Soup version 0.18.1-50-g88ac8fd (webtiles) character file.

20050 Drunkenshrew the Blocker (level 12, -2/114 HPs)
             Began as a Minotaur Fighter on Oct 23, 2016.
             Was a High Priest of Okawaru.
             Slain by a white draconian monk (9 damage)
             ... on level 1 of the Abyss.
             The game lasted 00:47:31 (10524 turns).

Drunkenshrew the Blocker (Minotaur Fighter)        Turns: 10524, Time: 00:47:32

Health: -2/114     AC: 12    Str: 22    XL:     12   Next: 41%
Magic:  11/13      EV: 24    Int:  3    God:    Okawaru [*****.]
Gold:   422        SH: 22    Dex: 14    Spells: 0 memorised, 11 levels left

rFire  + . .     SeeInvis .     O - +2 broad axe (chop)
rCold  . . .     Gourm    .     T - +0 troll leather armour
rNeg   . . .     Faith    .     y - +0 large shield
rPois  +         Spirit   .     (helmet restricted)
rElec  .         Dismiss  .     i - +1 cloak {rPois}
rCorr  .         Reflect  .     G - +0 pair of gloves
SustAt .         Harm     .     L - +0 pair of boots
MR     .....                    (no amulet)
Stlth  ++........               m - ring of protection from fire
                                H - +2 ring of evasion

@: heroism, not resistant to hostile enchantments, unstealthy
A: retaliatory headbutt, horns 2, repulsion field 1, dopey 1, robust 1
a: Heroism, Finesse, Renounce Religion


You were on level 1 of the Abyss.
You worshipped Okawaru.
Okawaru was extremely pleased with you.
You were not hungry.

You visited 2 branches of the dungeon, and saw 12 of its levels.
You visited the Abyss 1 time.
You also visited: Sewer.

You collected 716 gold pieces.
You spent 294 gold pieces at shops.

Inventory:

Hand Weapons
 O - a +2 broad axe of chopping (weapon)
 P - a +2 vampiric hand axe
Missiles
 b - 3 silver javelins
 v - 7 poisoned javelins (quivered)
 V - 7 javelins of penetration
Armour
 a - the +6 scale mail of the Amoeba {rF+}
   (You found it on level 8 of the Dungeon)

   It protects you from fire.
 i - a +1 cloak of poison resistance (worn)
 y - a +0 large shield (worn)
 G - a +0 pair of gloves (worn)
 K - a +3 plate armour of poison resistance
 L - a +0 pair of boots (worn)
 T - a +0 troll leather armour (worn)
Jewellery
 m - a ring of protection from fire (right hand)
 H - a +2 ring of evasion (left hand)
Wands
 B - a wand of slowing (18/48)
 F - a wand of disintegration (24/24)
 W - a wand of paralysis (15/24)
 X - a wand of acid (2/15)
 Y - a wand of paralysis (14/24)
 Z - a wand of polymorph (12/24)
Scrolls
 h - 2 scrolls of fear
 j - a scroll of fog
 k - a scroll of recharging
 q - 4 scrolls of teleportation
 w - 2 scrolls of blinking
 E - 2 scrolls of magic mapping
 Q - a scroll of remove curse
 R - a scroll of amnesia
Potions
 c - a potion of cancellation {unknown}
 d - 2 potions of might
 e - 6 potions of curing
 g - 13 potions of heal wounds
 p - 2 potions of lignification
 s - 2 potions of agility
 t - a potion of magic
 u - 4 potions of brilliance
 x - 2 potions of ambrosia
 z - 2 potions of resistance {unknown}
 A - 4 potions of mutation
 D - 3 potions of haste {unknown}
 I - 2 potions of cure mutation {unknown}
Books
 n - a book of Transfigurations

   Spells                             Type                      Level
   a - Irradiate                      Conjuration/Transmutation    5
   b - Statue Form                    Transmutation/Earth          6
   c - Hydra Form                     Transmutation                6
   d - Dragon Form                    Transmutation                7
 o - a book of Beasts

   Spells                             Type                      Level
   a - Summon Butterflies             Summoning                    1
   b - Call Canine Familiar           Summoning                    3
   c - Summon Ice Beast               Ice/Summoning                4
   d - Summon Mana Viper              Hexes/Summoning              5
   e - Summon Hydra                   Summoning                    7
 C - a book of Spatial Translocations

   Spells                             Type                      Level
   a - Apportation                    Translocation                1
   b - Blink                          Translocation                2
   c - Shroud of Golubria             Charms/Translocation         2
   d - Portal Projectile              Translocation                3
   e - Teleport Other                 Translocation                3
   f - Passage of Golubria            Translocation                4
 M - a book of Changes

   Spells                             Type                      Level
   a - Beastly Appendage              Transmutation                1
   b - Sticks to Snakes               Transmutation                2
   c - Spider Form                    Transmutation/Poison         3
   d - Ice Form                       Ice/Transmutation            4
   e - Blade Hands                    Transmutation                5
 N - a book of Unlife

   Spells                             Type                      Level
   a - Recall                         Summoning/Translocation      3
   b - Animate Dead                   Necromancy                   4
   c - Control Undead                 Necromancy                   4
   d - Cigotuvi's Embrace             Necromancy                   5
   e - Death Channel                  Necromancy                   6
   f - Simulacrum                     Ice/Necromancy               6
 S - a book of Annihilations

   Spells                             Type                      Level
   a - Poison Arrow                   Conjuration/Poison           6
   b - Chain Lightning                Conjuration/Air              8
   c - Lehudib's Crystal Spear        Conjuration/Earth            8
   d - Glaciate                       Conjuration/Ice              9
   e - Fire Storm                     Conjuration/Fire             9
Comestibles
 f - 9 bread rations
 l - 4 fruits
 r - 8 meat rations
 J - 7 beef jerkies
 U - a royal jelly


   Skills:
 - Level 9.0(14.0) Fighting
 - Level 12.0(17.0) Axes
 - Level 10.0(15.0) Armour
 + Level 10.8(15.8) Dodging
 - Level 13.1(18.1) Shields
 - Level 3.0 Invocations


You had 11 spell levels left.
You didn't know any spells.

Dungeon Overview and Level Annotations

Branches:
Dungeon (11/15)            Temple (0/1) D:4            Lair (1/8) D:11
    Orc (0/2) D:9

Altars:
Cheibriados
Dithmenos
Elyvilon
Fedhas
Gozag
Nemelex Xobeh
Okawaru
Pakellas
Ru
Sif Muna
Trog
Xom
Zin
The Shining One

Shops:
D:8 (

Annotations:
Lair:1 Sonja


Innate Abilities, Weirdness & Mutations

You reflexively headbutt those who attack you in melee.
You have a pair of horns on your head.
You are surrounded by a mild repulsion field (EV +2).
You are dopey. (Int -2)
You are robust (+10% HP).


Message History

You miss the white draconian monk.
The white draconian monk is lightly wounded.
The white draconian monk breathes frost at you.
The chilling blast hits you!
You slice the white draconian monk!! You headbutt the white draconian monk.
The white draconian monk is moderately wounded.
You block the white draconian monk's attack.
The white draconian monk kicks you.
The white draconian monk tail-slaps you!
You hit the white draconian monk.
Your headbutt misses the white draconian monk.
The white draconian monk is moderately wounded.
The white draconian monk breathes frost at you.
The chilling blast hits you!
* * * LOW HITPOINT WARNING * * *
You gain the combat prowess of a mighty hero.
You feel slightly more hungry.
You block the white draconian monk's attack.
The white draconian monk kicks you!
You die...

. # # .#.#.?# # #.#
#..##.. ## #. #.
#..#.##...#. #....
. .. #.# .#......##
.. ##.......#..#.
#.# . . . ##.)##.
..##.#... .. #
#...###....###.##.#
##... .# #
##.#.q#..# ... . #
...#@...# .#. #
##..#..#..# . . . #
#.##..#D# .# . . #.
#..#... .# .. .#.#
...# .# . .# #.#..
....# # .#..#. ....
# .. #...###.. #..
#.# #


You could see a bone dragon and a white draconian monk.

Vanquished Creatures
  2 hydras
  The ghost of Drunkenshrew the Frost Mage, a novice DrWz of Ashenzari (D:8)
  A wizard (Abyss:1)
  The ghost of Drunkenshrew the Fighter, a novice DrMo (D:6)
  2 hill giants (D:11)
  An elephant (D:11)
  Psyche (D:9)
  Maurice (D:10)
  A black mamba (Lair:1)
  2 spiny frogs (Lair:1)
  3 kobold demonologists (D:9)
  A centaur skeleton (D:9)
  2 trolls
  A two-headed ogre (D:8)
  9 blink frogs (Lair:1)
  21 yaks
  A hungry ghost (D:7)
  4 hippogriffs
  A steam dragon (D:9)
  4 wargs (D:9)
  A water moccasin (Lair:1)
  A porcupine (Lair:1)
  3 ice beasts
  An orc warrior (D:8)
  3 sky beasts
  3 phantoms
  2 black bears
  9 ogres
  A small abomination (Abyss:1)
  4 centaurs
  A crocodile (D:11)
  23 big kobolds
  12 giant frogs
  A scorpion (D:9)
  9 wights
  2 howler monkeys
  2 electric eels (D:11)
  A centaur zombie (D:11)
  A crimson imp (D:5)
  A giant frog zombie (D:9)
  6 hounds
  2 quasits
  3 jellies
  A giant frog skeleton (D:8)
  A gnoll shaman (D:6)
  7 orc wizards
  Jessica (D:3)
  6 iguanas
  5 worker ants
  2 killer bee zombies
  A sheep (D:11)
  2 hound skeletons
  A worker ant zombie (D:5)
  11 gnolls
  5 river rats (Lair:1)
  15 adders
  5 shadow imps
  2 oozes
  An adder skeleton (D:4)
  2 worms
  4 dart slugs
  4 giant geckos
  25 orcs
  3 ball pythons (Sewer)
  10 bats
  12 giant cockroaches
  5 hobgoblins
  3 jackals (D:11)
  2 quokkas
  7 giant newts
  4 goblins
  A jackal skeleton (D:4)
  33 kobolds
  2 quokka skeletons
  8 rats
  4 fungi (D:11)
347 creatures vanquished.

Notes
Turn   | Place    | Note
--------------------------------------------------------------
     0 | D:1      | Drunkenshrew the Minotaur Fighter began the quest for the Orb.
     0 | D:1      | Reached XP level 1. HP: 19/19 MP: 0/0
   164 | D:1      | Reached XP level 2. HP: 24/27 MP: 1/1
   503 | D:1      | Reached skill level 4 in Shields
   628 | D:1      | Reached XP level 3. HP: 32/33 MP: 2/2
   966 | D:2      | Reached XP level 4. HP: 33/40 MP: 3/3
  1064 | D:2      | Found an iron altar of Okawaru.
  1071 | D:2      | Became a worshipper of Warmaster Okawaru
  1603 | D:3      | Noticed Jessica
  1612 | D:3      | Killed Jessica
  1612 | D:3      | Reached XP level 5. HP: 40/47 MP: 4/4
  1698 | D:3      | Reached skill level 5 in Armour
  1724 | D:3      | Reached skill level 5 in Shields
  1937 | D:3      | Found an oddly glowing altar of Pakellas.
  2433 | D:4      | Found a white marble altar of Elyvilon.
  2501 | D:4      | Found a staircase to the Ecumenical Temple.
  2508 | D:4      | Reached XP level 6. HP: 53/53 MP: 5/5
  2734 | D:4      | Found an opulent altar of Gozag.
  2735 | D:4      | Found a glowing silver altar of Zin.
  2823 | D:4      | Reached skill level 5 in Fighting
  3084 | D:5      | Entered Level 5 of the Dungeon
  3181 | D:5      | Reached * piety under Okawaru
  3193 | D:5      | Reached skill level 5 in Axes
  3193 | D:5      | Reached XP level 7. HP: 18/61 MP: 6/6
  3448 | D:5      | Found an oddly glowing altar of Pakellas.
  3464 | D:5      | Reached skill level 6 in Shields
  3767 | D:5      | Reached ** piety under Okawaru
  3965 | D:5      | Reached XP level 8. HP: 71/71 MP: 7/7
  4112 | D:6      | Found a glowing drain.
  4153 | Sewer    | Entered a sewer
  4177 | Sewer    | Reached skill level 7 in Shields
  4581 | D:6      | Reached *** piety under Okawaru
  4870 | D:6      | Noticed Drunkenshrew's ghost (novice DrMo)
  4883 | D:6      | Killed Drunkenshrew's ghost
  4883 | D:6      | Reached skill level 8 in Shields
  4883 | D:6      | Reached XP level 9. HP: 24/81 MP: 5/8
  5484 | D:6      | Found a sacrificial altar of Ru.
  5983 | D:7      | Reached **** piety under Okawaru
  5991 | D:7      | Found a bloodstained altar of Trog.
  6296 | D:7      | Reached skill level 1 in Invocations
  6487 | D:8      | Found an iron altar of Okawaru.
  6508 | D:8      | Reached skill level 1 in Dodging
  6537 | D:8      | Noticed Drunkenshrew's ghost (novice DrWz)
  6563 | D:8      | Killed Drunkenshrew's ghost
  6563 | D:8      | Reached XP level 10. HP: 43/91 MP: 11/11
  6564 | D:8      | Reached skill level 5 in Dodging
  6620 | D:8      | Found Kukunen's Weapon Emporium.
  6641 | D:8      | Found a glowing golden altar of the Shining One.
  6641 | D:8      | Found a sparkling altar of Nemelex Xobeh.
  6649 | D:8      | Reached ***** piety under Okawaru
  6656 | D:8      | Found a shadowy altar of Dithmenos.
  6656 | D:8      | Found a shimmering altar of Xom.
  6681 | D:8      | Received a gift from Okawaru
  6705 | D:8      | Bought a +2 vampiric hand axe for 294 gold pieces
  6718 | D:8      | Got a steaming scale mail
  6729 | D:8      | Identified the +6 scale mail of the Amoeba {rF+} (You found it on level 8 of the Dungeon)
  6847 | D:8      | Found a snail-covered altar of Cheibriados.
  6850 | D:8      | Found a blossoming altar of Fedhas.
  6867 | D:8      | Reached skill level 9 in Shields
  7058 | D:9      | Noticed an orange demon
  7064 | D:9      | Received a gift from Okawaru
  7071 | D:9      | Reached skill level 10 in Axes
  7103 | D:9      | Noticed Psyche
  7128 | D:9      | Killed Psyche
  7428 | D:9      | Found a staircase to the Orcish Mines.
  7546 | D:9      | Gained mutation: You are surrounded by a mild repulsion field (EV +2). [potion of mutation]
  7546 | D:9      | Gained mutation: You are dopey. (Int -2) [potion of mutation]
  7546 | D:9      | Gained mutation: You are robust (+10% HP). [potion of mutation]
  7632 | D:9      | Reached XP level 11. HP: 106/106 MP: 12/12
  7656 | D:9      | Found a deep blue altar of Sif Muna.
  8021 | D:10     | Entered Level 10 of the Dungeon
  8327 | D:10     | Noticed Maurice
  8344 | D:10     | Killed Maurice
  8397 | D:10     | Reached skill level 10 in Armour
  8577 | D:10     | Received a gift from Okawaru
  8577 | D:10     | Reached skill level 10 in Shields
  8733 | D:11     | Found a staircase to the Lair.
  8807 | D:11     | Noticed a hill giant
  8814 | D:11     | Killed a hill giant
  8938 | D:11     | Reached skill level 11 in Shields
  9110 | D:11     | Noticed an eight-headed hydra
  9117 | D:11     | Killed a 12-headed hydra
  9117 | D:11     | Received a gift from Okawaru
  9117 | D:11     | Reached skill level 12 in Shields
  9630 | D:11     | Noticed a hill giant
  9637 | D:11     | Killed a hill giant
  9637 | D:11     | Reached skill level 13 in Shields
  9637 | D:11     | Reached XP level 12. HP: 93/114 MP: 13/13
  9786 | Lair:1   | Entered Level 1 of the Lair of Beasts
  9842 | Lair:1   | Noticed a four-headed hydra
  9856 | Lair:1   | Killed a 12-headed hydra
  9859 | Lair:1   | Received a gift from Okawaru
  9971 | Lair:1   | Reached skill level 10 in Dodging
 10344 | Lair:1   | Noticed Sonja
 10356 | Lair:1   | Cast into level 1 of the Abyss (Sonja)
 10415 | Abyss:1  | Found a corrupted altar of Lugonu.
 10495 | Abyss:1  | Found a corrupted altar of Lugonu.
 10516 | Abyss:1  | Noticed a white draconian monk
 10519 | Abyss:1  | Noticed a bone dragon
 10524 | Abyss:1  | Slain by a white draconian monk

Skill      XL: |  1  2  3  4  5  6  7  8  9 10 11 12 |
---------------+-------------------------------------+-----
Armour         | 4 5 6 8 10 | 10.0
Shields        | 4 5 6 8 9 13 | 13.1
Axes           | 3 4 5 6 7 8 11 12 | 12.0
Fighting       | 4 5 6 7 9 |  9.0
Invocations    | 3 |  3.0
Dodging        | 4 7 8 10 | 10.8

Action                   |  1- 3 |  4- 6 |  7- 9 | 10-12 || total
-------------------------+-------+-------+-------+-------++-------
Melee: War axe           |   101 |   139 |   287 |    33 ||   560
       Headbutt          |    11 |    22 |    61 |   145 ||   239
       Hand axe          |       |       |       |   343 ||   343
       Broad axe         |       |       |       |   242 ||   242
Invok: Heroism           |       |       |     3 |     5 ||     8
  Use: Potion            |     1 |       |     2 |     7 ||    10
       Scroll            |       |       |    27 |     9 ||    36
  Eat: Chunk             |       |     7 |    13 |    13 ||    33
       Pizza             |       |       |     3 |     1 ||     4
       Fruit             |       |       |     1 |       ||     1
       Bread ration      |       |       |       |     1 ||     1
Armor: Scale mail        |    63 |    32 |       |    32 ||   127
       Chain mail        |       |    38 |   130 |    18 ||   186
       Plate armour      |       |       |       |    94 ||    94
       Troll leather arm |       |       |       |    33 ||    33
Dodge: Dodged            |    18 |    35 |    91 |   293 ||   437
Block: Shield            |    70 |    64 |   176 |   219 ||   529
       Large shield      |       |       |       |   223 ||   223
